 Dungeon Crawl Stone Soup version 0.28-a0-245-g639a1a48b9 (webtiles) character file.

Game seed: 8701789279296968341

2942 Colgate the Cleaver (level 9, -4/82 HPs)
             Began as a Minotaur Berserker on Aug 25, 2021.
             Was an Elder of Trog.
             Slain by a boulder beetle (9 damage)
             ... on level 6 of the Dungeon.
             The game lasted 00:11:37 (6833 turns).

Colgate the Cleaver (Minotaur Berserker)            Turns: 6833, Time: 00:11:38

Health: -4/82      AC: 12    Str: 26    XL:     9   Next: 51%
Magic:  8/8        EV: 17    Int:  6    God:    Trog [****..]
Gold:   324        SH:  0    Dex: 15    Spells: 8/8 levels left

rFire   . . .      SeeInvis +   Y - +1 hand axe
rCold   . . .      Faith    .   (no shield)
rNeg    . . .      Spirit   .   h - +4 ring mail "Pomuhoh" {Int+2 SInv}
rPois   .          Reflect  .   (helmet restricted)
rElec   .          Harm     .   (no cloak)
rCorr   .          Rampage  .   d - +0 pair of gloves
Will    .....                   o - +0 pair of boots
Stlth   +.........              (no amulet)
HPRegen 0.23/turn               e - +4 ring of evasion
MPRegen 0.11/turn               b - +6 ring of dexterity

@: on berserk cooldown, slowed, very slow
A: horns 2, retaliatory headbutt
a: Renounce Religion, Berserk, Trog's Hand, Brothers in Arms


You were on level 6 of the Dungeon.
You worshipped Trog.
Trog was greatly pleased with you.
You visited 1 branch of the dungeon, and saw 6 of its levels.

You collected 359 gold pieces.
You spent 35 gold pieces at shops.


Innate Abilities, Weirdness & Mutations

You have a pair of horns on your head.
You reflexively headbutt those who attack you in melee.


   Skills:
 - Level 8.6 Fighting
 + Level 12.8 Axes
 - Level 3.6 Armour
 - Level 4.6 Dodging


You had 8 spell levels left.
You didn't know any spells.
Your spell library was empty.

Inventory:

Hand Weapons
 m - a +0 flail
 Y - a +1 hand axe (weapon)
Armour
 d - a +0 pair of gloves (worn)
 h - the +4 ring mail "Pomuhoh" (worn) {Int+2 SInv}
   (You found it on level 5 of the Dungeon)

   Int:       It affects your intelligence (+2).
   SInv:      It lets you see invisible.
 o - a +0 pair of boots (worn)
 r - a +0 chain mail
Jewellery
 b - a +6 ring of dexterity (right hand)
 e - a +4 ring of evasion (left hand)
Wands
 n - a wand of iceblast (10)
Scrolls
 j - a scroll of identify
 k - 2 scrolls of teleportation
 q - a scroll of brand weapon {unknown}
Potions
 c - a potion of brilliance {unknown}
 f - a potion of attraction {unknown}
 g - a potion of mutation {unknown}
 i - 3 potions of curing
 l - a potion of might
 p - a potion of degeneration {unknown}

Dungeon Overview and Level Annotations

Branches:
Dungeon (6/15)             Temple (0/1) D:6

Altars:
Elyvilon
Gozag
Makhleb
Xom

Shops:
D:2 *


Message History

The boulder beetle completely misses you.
You hit the boulder beetle.
The boulder beetle is severely wounded.
The wight misses you.
You hit the boulder beetle but do no damage.
The boulder beetle is severely wounded.
The boulder beetle leaps!
The wight hits you but does no damage.
You closely miss the wight. You hit the wight. You headbutt the wight!
You destroy the wight!
Trog accepts your kill.
The boulder beetle curls into a ball and begins rolling!
You feel a strong urge to attack something.
You are no longer berserk.
You are exhausted.
You feel yourself slow down.
The boulder beetle completely misses you.
You furiously retaliate!
You headbutt the boulder beetle.
The boulder beetle stops rolling and uncurls.
6828 ||| DRINKING potion of heal wounds.
You feel much better. The boulder beetle misses you. You furiously retaliate!
You headbutt the boulder beetle.
You hit the boulder beetle but do no damage.
The boulder beetle is almost dead.
The boulder beetle bites you.
You barely miss the boulder beetle. You headbutt the boulder beetle.
The boulder beetle is almost dead.
The boulder beetle bites you!
You hit the boulder beetle but do no damage.
The boulder beetle is almost dead.
The boulder beetle bites you!!
You hit the boulder beetle.
The boulder beetle is almost dead.
The boulder beetle completely misses you.
You hit the boulder beetle but do no damage.
The boulder beetle is almost dead.
The boulder beetle bites you!
You die...

...............##.............###
######.........##.....###......##
...............##..............##
...............[....%............
..............................^.#
........#.####.....####..####+###
..........#(.##...##.$#..## #.##.
..........#...##B##...#...###..#)
#.........##...#@#...##........#.
.........##.%#.#).##......##.'.
..........###...###.......#..#.
..............8...........####.
...........###...###..........#.
.........## +#.#+ ##.........##
........## #.# ##..........
.#...#..# ##.## #).#####...
####...#..# ##...## #)))...#...


You could see a boulder beetle.

Vanquished Creatures
  5 yaks (D:6)
  3 water moccasins
  An ice beast (D:5)
  2 black bears
  2 necrophages (D:6)
  3 ogres
  A phantom (D:6)
  A kobold brigand (D:6)
  3 scorpions
  A wight (D:6)
  A centaur zombie (D:4)
  A crimson imp (D:5)
  A bullfrog zombie (D:5)
  6 hounds
  2 jellies
  A centaur skeleton (D:6)
  A bullfrog skeleton (D:6)
  Natasha (thrice) (D:4)
  3 iguanas
  2 orc wizards
  A killer bee zombie (D:4)
  A gnoll (D:3)
  13 adders
  2 shadow imps
  A white imp (D:5)
  An ufetubus (D:4)
  An adder skeleton (D:4)
  3 worms
  5 dart slugs
  8 orcs
  7 endoplasms
  6 giant cockroaches
  5 goblins
  8 hobgoblins
  5 kobolds
  3 quokkas
  6 ball pythons
  5 bats
  7 frilled lizards (D:1)
  8 rats
139 creatures vanquished.

Notes
Turn   | Place    | Note
-------+----------+-------------------------------------------
     0 | D:1      | Colgate the Minotaur Berserker began the quest for the Orb.
     0 | D:1      | Reached XP level 1. HP: 19/19 MP: 0/0
     0 | D:1      | 0 ||| counter = 86
   188 | D:1      | Reached skill level 4 in Axes
   274 | D:1      | Reached XP level 2. HP: 26/26 MP: 1/1
   724 | D:1      | Reached skill level 5 in Axes
   818 | D:1      | Reached ** piety under Trog
   956 | D:1      | Reached XP level 3. HP: 31/31 MP: 2/2
  1179 | D:1      | 1179 ||| UPGRADING to +0 scale mail.
  1189 | D:1      | 1189 ||| DROPPING +0 animal skin.
  1190 | D:1      | 1190 ||| UPGRADING to +4 ring of evasion.
  1406 | D:2      | 1406 ||| INVOKING Berserk.
  1439 | D:2      | 1439 ||| Stepping randomly (stuck).
  1519 | D:2      | Found Wufrox's General Store.
  1525 | D:2      | 1525 ||| SHOPLISTING +0 mace (42 gold, have 35).
  1525 | D:2      | 1525 ||| BUYING +0 whip (35 gold).
  1525 | D:2      | Bought a +0 whip for 35 gold pieces
  1525 | D:2      | 1525 ||| SHOPLISTING +0 whip of electrocution (114 gold,
                  | have 0).
  1525 | D:2      | 1525 ||| SHOPLISTING potion of haste (140 gold, have 0).
  1525 | D:2      | 1525 ||| SHOPLISTING scroll of enchant weapon (105 gold,
                  | have 0).
  1540 | D:2      | 1540 ||| INVOKING Berserk.
  1821 | D:2      | 1821 ||| READING scroll labelled YHEFASKUUZ.
  1825 | D:2      | Reached skill level 6 in Axes
  1825 | D:2      | Reached XP level 4. HP: 39/39 MP: 3/3
  1960 | D:2      | 1960 ||| READING scroll labelled VYV ZADWIANLA.
  1968 | D:3      | 1968 ||| STAIRDANCE
  1974 | D:3      | 1974 ||| STAIRDANCE
  1984 | D:3      | 1984 ||| STAIRDANCE
  2015 | D:3      | 2015 ||| INVOKING Berserk.
  2286 | D:3      | Reached skill level 7 in Axes
  2286 | D:3      | Reached XP level 5. HP: 45/45 MP: 4/4
  2293 | D:3      | Found an opulent altar of Gozag.
  2297 | D:3      | Found a white marble altar of Elyvilon.
  2942 | D:3      | 2942 ||| READING scroll labelled QECITAEJ QOANA.
  2943 | D:3      | 2943 ||| READING scroll labelled TAPNUTZ TOYSO.
  2944 | D:3      | 2944 ||| READING scroll labelled YPLEK RIUC.
  2945 | D:3      | 2945 ||| READING scroll labelled BACIHE CALU.
  3058 | D:4      | Reached *** piety under Trog
  3125 | D:4      | Noticed Natasha
  3139 | D:4      | Killed Natasha
  3140 | D:4      | Reached XP level 6. HP: 42/53 MP: 5/5
  3200 | D:4      | Noticed Natasha
  3207 | D:4      | Killed Natasha
  3208 | D:4      | Reached skill level 8 in Axes
  3249 | D:4      | 3249 ||| INVOKING Berserk.
  3256 | D:4      | HP: 13/53 [poisoned by a scorpion]
  3783 | D:4      | Noticed Natasha
  3807 | D:4      | 3807 ||| INVOKING Berserk.
  3809 | D:4      | Killed Natasha
  3810 | D:4      | Reached skill level 9 in Axes
  3977 | D:4      | 3977 ||| DROPPING +0 whip.
  3995 | D:4      | 3995 ||| INVOKING Berserk.
  4087 | D:4      | 4087 ||| READING scroll labelled MISKEY ZOEKHLU.
  4088 | D:4      | 4088 ||| READING scroll labelled JUPRERPHOHYR.
  4093 | D:5      | Entered Level 5 of the Dungeon
  4108 | D:5      | 4108 ||| INVOKING Berserk.
  4110 | D:5      | Reached XP level 7. HP: 61/61 MP: 6/6
  4178 | D:5      | Identified the +4 ring mail "Pomuhoh" {Int+2 SInv}
  4377 | D:5      | 4377 ||| INVOKING Berserk.
  4614 | D:5      | 4614 ||| STAIRDANCE
  4648 | D:4      | 4648 ||| STAIRDANCE
  4788 | D:3      | 4788 ||| UPGRADING to +4 ring mail "Pomuhoh" {Int+2 SInv}.
  4798 | D:3      | 4798 ||| DROPPING +0 scale mail.
  4799 | D:3      | 4799 ||| UPGRADING to +0 pair of boots.
  4804 | D:3      | 4804 ||| UPGRADING to +6 ring of dexterity.
  4983 | D:5      | Reached skill level 3 in Dodging
  5029 | D:5      | Found a burning altar of Makhleb.
  5029 | D:5      | Found a shimmering altar of Xom.
  5035 | D:5      | 5035 ||| INVOKING Berserk.
  5039 | D:5      | Reached skill level 10 in Axes
  5401 | D:5      | 5401 ||| INVOKING Berserk.
  5459 | D:5      | 5459 ||| INVOKING Berserk.
  5461 | D:5      | Reached skill level 6 in Fighting
  5461 | D:5      | Reached XP level 8. HP: 70/70 MP: 7/7
  5770 | D:5      | 5770 ||| INVOKING Berserk.
  5773 | D:5      | Reached skill level 11 in Axes
  5820 | D:5      | 5820 ||| UPGRADING to +0 pair of gloves.
  5825 | D:5      | 5825 ||| DRINKING 2 yellow potions.
  5905 | D:6      | Reached skill level 3 in Armour
  5997 | D:6      | Reached **** piety under Trog
  6121 | D:6      | 6121 ||| INVOKING Berserk.
  6191 | D:6      | 6191 ||| INVOKING Berserk.
  6306 | D:6      | 6306 ||| INVOKING Berserk.
  6309 | D:6      | Reached XP level 9. HP: 41/79 MP: 8/8
  6310 | D:6      | Reached skill level 12 in Axes
  6620 | D:6      | 6620 ||| INVOKING Berserk.
  6661 | D:6      | Found a staircase to the Ecumenical Temple.
  6672 | D:6      | 6672 ||| DROPPING +0 whip of venom.
  6798 | D:6      | Noticed a boulder beetle
  6811 | D:6      | 6811 ||| INVOKING Berserk.
  6816 | D:6      | HP: 20/123 [boulder beetle (14)]
  6828 | D:6      | 6828 ||| DRINKING potion of heal wounds.
  6831 | D:6      | HP: 4/82 [boulder beetle (21)]
  6833 | D:6      | Slain by a boulder beetle

Levels and vault maps discovered:
D:1:      saegor_arrival_simple_b, layout_basic, minmay_lizard_pond
D:2:      layout_basic, serial_shops, nicolae_shop_trees, serial_glass,
          glass_columns_a, glass_columns_a
D:3:      layout_loops_ring, grunt_temple_overflow_open,
          chequers_serial_rivers_small_a, cheibrodos_gnoll_hut
D:4:      layout_loops_cross, uniq_natasha
D:5:      layout_gridville, grunt_temple_overflow_champion_of_chaos
D:6:      cheibrodos_barr_body, layout_basic, temple_green

Skill      XL: |  1  2  3  4  5  6  7  8  9 |
---------------+----------------------------+-----
Axes           | 4 5 6 7 9 10 11 12 | 12.8
Fighting       | 4 5 6 7 8 |  8.6
Dodging        | 3 4 |  4.6
Armour         | 3 |  3.6

Action                   |  1- 3 |  4- 6 |  7- 9 || total
-------------------------+-------+-------+-------++-------
Melee: Hand axe          |    84 |   176 |   209 ||   469
       Headbutt          |    14 |    34 |    55 ||   103
Invok: Berserk           |     2 |     5 |    10 ||    17
  Use: Scroll            |     1 |     7 |       ||     8
       Potion            |       |       |     2 ||     2
Armor: Animal skin       |     5 |       |       ||     5
       Scale mail        |     8 |    30 |     7 ||    45
       Ring mail         |       |       |    33 ||    33
Dodge: Dodged            |    43 |   123 |   108 ||   274

Table legend:
 A = Non-vault XP
 B = Vault XP
 C = Vault XP percentage of total XP
 D = Non-vault monster count
 E = Vault monster count
 F = Vault count percentage of total count
                 A         B        C        D         E       F
            +---------+---------+-------+---------+---------+-------
      Total |    3564 |     640 |  15.2 |     122 |      17 |  12.2
            +---------+---------+-------+---------+---------+-------
        D:1 |      40 |       6 |  13.0 |      21 |       6 |  22.2
        D:2 |      70 |       0 |   0.0 |      22 |       0 |   0.0
        D:3 |     107 |     100 |  48.3 |      20 |       3 |  13.0
        D:4 |     406 |      36 |   8.1 |      22 |       1 |   4.3
        D:5 |    1022 |      50 |   4.7 |      18 |       1 |   5.3
        D:6 |    1919 |     448 |  18.9 |      19 |       6 |  24.0
            +---------+---------+-------+---------+---------+-------
